 Dungeon Crawl Stone Soup version 0.28.0-53-g5a82cb258f (webtiles) character file.

Game seed: 11484033370443978284

69 MiltankisOP the Changer (level 4, -4/35 HPs)
             Began as a Draconian Transmuter on June 13, 2022.
             Slain by Crazy Yiuf
             ... wielding a +4 quarterstaff of chaos
              (7 damage)
             ... on level 2 of the Dungeon.
             The game lasted 00:05:33 (2423 turns).

MiltankisOP the Changer (Draconian Transmuter)      Turns: 2423, Time: 00:05:36

Health: -4/35      AC:  6    Str: 13    XL:     4   Next: 2%
Magic:  4/7        EV: 12    Int: 15    God:
Gold:   76         SH:  0    Dex: 11    Spells: 4/7 levels left

rFire   . . .      SeeInvis .   b - +2 dagger (vamp)
rCold   . . .      Faith    .   (no shield)
rNeg    . . .      Spirit   .   (armour unavailable)
rPois   .          Reflect  .   (helmet currently unavailable)
rElec   .          Harm     .   (no cloak)
rCorr   .          Rampage  .   e - +0 pair of gloves
Will    .....                   (boots currently unavailable)
Stlth   +.........              (no amulet)
HPRegen 0.11/turn               (no ring)
MPRegen 0.10/turn               (no ring)

@: lethally poisoned (-4 -> -13), appendages, wereblooded
A: horns 2, talons 2, AC +5, unfitting armour, cold-blooded
a: End Transformation


You were on level 2 of the Dungeon.
You had temporarily grown beastly horns and talons.
You visited 1 branch of the dungeon, and saw 3 of its levels.

You collected 76 gold pieces.

Inventory:

Hand Weapons
 b - a +2 vampiric dagger (weapon)
Armour
 e - a +0 pair of gloves (worn)
Scrolls
 a - a scroll of vulnerability {unknown}
 c - a scroll of fear {unknown}
Potions
 d - a potion of curing {unknown}


   Skills:
 - Level 1.1 Fighting
 - Level 1.7 Dodging
 - Level 3.0 Unarmed Combat
 - Level 2.0 Spellcasting
 + Level 4.3 Transmutations


You had 4 spell levels left.
You knew the following spells:

 Your Spells              Type           Power      Damage    Failure   Level
a - Beastly Appendage     Tmut           28%        N/A       3%          1
b - Wereblood             Tmut           14%        N/A       5%          2

Your spell library contained the following spells:

 Spells                   Type           Power      Damage    Failure   Level
 Spider Form              Tmut/Pois      8%         N/A       26%         3
 Ice Form                 Ice/Tmut       8%         N/A       65%         4


Dungeon Overview and Level Annotations

Branches:
Dungeon (3/15)

Altars:

Annotations:
D:2 Crazy Yiuf


Innate Abilities, Weirdness & Mutations

You have temporarily grown beastly horns and talons.
Your plain brown scales are hard. (AC +5)
You cannot fit into any form of body armour.
You are cold-blooded and may be slowed by cold attacks.


Message History

The frilled lizard closely misses you.
You hit the frilled lizard.
You kill the frilled lizard!
Your horns disappear.
Your talons disappear.
No target in view!
No target in view!
No target in view!
No target in view!
No target in view!
You open the door.
Found a mace.
Found a runed translucent door.
Casting: Beastly Appendage (safe; 3% risk of failure)
Confirm with . or Enter, or press ? or * to list all spells.
You grow a pair of large bovine horns.
Your feet morph into talons.
Casting: Beastly Appendage (safe; 3% risk of failure)
Confirm with . or Enter, or press ? or * to list all spells.
Your blood is infused with primal strength.
You open the door. You hit Crazy Yiuf but do no damage.
You tail-slap Crazy Yiuf, but do no damage.
Crazy Yiuf hits you with a +4 quarterstaff of chaos.
Crazy Yiuf burns you.
You hit Crazy Yiuf. You claw Crazy Yiuf, but do no damage.
Crazy Yiuf is lightly wounded.
Crazy Yiuf hits you with a +4 quarterstaff of chaos!
You are poisoned.
You barely miss Crazy Yiuf. Your kick misses Crazy Yiuf.
Crazy Yiuf is lightly wounded.
You feel very sick.
Crazy Yiuf hits you with a +4 quarterstaff of chaos!
* * * LOW HITPOINT WARNING * * *
Space warps around you!
* * * LOW HITPOINT WARNING * * *
You hit Crazy Yiuf.
You feel better.
You headbutt Crazy Yiuf.
Crazy Yiuf is heavily wounded.
* * * LOW HITPOINT WARNING * * *
You feel sick.
Crazy Yiuf glowers.
Crazy Yiuf hits you with a +4 quarterstaff of chaos!
You die...

# # ####♣♣ ### # ##..'.♣♣
♣♣#..)# # #......♣♣♣♣@g...#
# #....PP.♣..♣#...# #
#.#.+..♣.♣♣♣ ### ##########
#.###♣♣♣♣♣ #.......## #.#
#.......# #.# ###.......##
#.# #.........## #.#
#.........##
#.###############......#..##


You could see Crazy Yiuf.

Vanquished Creatures
  A hound skeleton (D:2)
  2 adders (D:2)
  A worm (D:2)
  A dart slug (D:2)
  5 endoplasms
  6 goblins
  4 hobgoblins
  A quokka (D:2)
  A ball python (D:2)
  5 bats
  3 frilled lizards (D:2)
  3 kobolds (D:2)
  A rat (D:1)
34 creatures vanquished.

Notes
Turn   | Place    | Note
-------+----------+-------------------------------------------
     0 | D:1      | MiltankisOP the Draconian Transmuter began the quest for
                  | the Orb.
     0 | D:1      | Reached XP level 1. HP: 16/16 MP: 3/3
    48 | D:1      | Found a faded altar of an unknown god.
   425 | D:1      | Reached XP level 2. HP: 23/23 MP: 3/5
  1032 | D:2      | Reached skill level 3 in Transmutations
  1510 | D:2      | Reached XP level 3. HP: 28/28 MP: 4/6
  1513 | D:2      | Learned a level 2 spell: Wereblood
  1682 | D:2      | Reached skill level 4 in Transmutations
  2236 | D:2      | You fall into a shaft and drop 1 floor!
  2313 | D:2      | Reached XP level 4. HP: 31/35 MP: 7/7
  2413 | D:2      | Found a runed translucent door.
  2414 | D:2      | Noticed Crazy Yiuf
  2423 | D:2      | Slain by Crazy Yiuf

Illustrated notes

Levels and vault maps discovered:
D:1:      lightli_iron_boxes, layout_basic, ebering_ecumenical_altar_rust,
          grunt_decor_mini_mirrors
D:2:      layout_basic, dk_vineyard_3, minmay_domino_2, uniq_crazy_yiuf_cottage
D:3:      layout_loops_corners, nicolae_overflows_in_rows, uniq_jessica

Skill      XL: |  1  2  3 |
---------------+----------+-----
Transmutations | 3 4 |  4.3
Fighting       | |  1.1
Dodging        | |  1.7
Unarmed Combat | |  3.0
Spellcasting   | |  2.0

Action                   |  1- 3 |  4- 6 || total
-------------------------+-------+-------++-------
Melee: Unarmed           |    26 |       ||    26
       Tailslap          |    12 |     2 ||    14
       Headbutt          |     6 |     2 ||     8
       Dagger            |    69 |    12 ||    81
       Kick              |    14 |     1 ||    15
       Punch             |     1 |       ||     1
 Cast: Beastly Appendage |    18 |     2 ||    20
       Wereblood         |     1 |     1 ||     2
Armor: Skin              |    26 |     4 ||    30
Dodge: Dodged            |    45 |     5 ||    50
